 Dungeon Crawl Stone Soup version 0.16.2-2-g470672f (webtiles) character file.

109 CrazyArbalest the Bolt Thrower (level 4, 0/37 HPs)
             Began as a Centaur Hunter on Aug 21, 2015.
             Succumbed to an adder's poison
             ... on level 3 of the Dungeon.
             The game lasted 00:13:11 (2467 turns).

CrazyArbalest the Bolt Thrower (Centaur Hunter)     Turns: 2467, Time: 00:13:11

Health: 0/37       AC:  5    Str: 15    XL:     4   Next: 59%
Magic:  3/3        EV: 14    Int: 15    God:
Gold:   146        SH:  0    Dex: 15    Spells: 0 memorised, 3 levels left

rFire  . . .     SeeInvis .     b - +1 hand crossbow
rCold  . . .     Clarity  .     x - +0 ring mail
rNeg   . . .     SustAb   .     (no shield)
rPois  .         Gourm    .     (no helmet)
rElec  .         Spirit   .     (no cloak)
rCorr  .         Warding  .     (no gloves)
rMut   .         Stasis   .     (no barding)
MR     .....                    (no amulet)
Stlth  +.........               (no ring)
                                p - ring of loudness (curse)

@: brilliant, agile, lethally poisoned (0 -> -3), flying (expiring), very quick,
not resistant to hostile enchantments, very unstealthy
A: hooves 3, deformed body, speed 2, tough skin 3
a: no special abilities


You were on level 3 of the Dungeon.
You were not hungry.

You visited 1 branch of the dungeon, and saw 3 of its levels.

You collected 146 gold pieces.

Inventory:

Hand weapons
 a - a +0 whip
 b - a +1 hand crossbow (weapon)
 m - a +0 mace
 q - a +0 whip
 y - a +0 whip
 D - a +0 flail
Missiles
 c - 3 bolts (quivered)
Armour
 d - a +0 leather armour
 e - a +0 ring mail
 x - a +0 ring mail (worn)
 B - a +2 helmet
 E - a +0 ring mail
Jewellery
 p - a cursed ring of loudness (left hand)
Scrolls
 k - a scroll of remove curse
 s - a scroll of teleportation {unknown}
 t - a scroll of noise {unknown}
 u - 3 scrolls of identify
 v - a scroll of immolation {unknown}
 w - a scroll of amnesia {unknown}
 C - a scroll of blinking {unknown}
Potions
 h - a potion of agility
 l - a potion of brilliance
Comestibles
 f - a bread ration
 g - a royal jelly
 i - a slice of pizza
 o - a meat ration
 r - a beef jerky
 A - 3 fruits


   Skills:
 + Level 2.3 Fighting
 + Level 0.5 Maces & Flails
 * Level 5.9 Crossbows
 + Level 0.5 Armour
 + Level 1.8 Dodging
 + Level 0.7 Stealth


You had 3 spell levels left.
You didn't know any spells.

Dungeon Overview and Level Annotations

Branches:
Dungeon (3/15)

Altars:
Ashenzari
Okawaru


Innate Abilities, Weirdness & Mutations

You have hooves in place of feet.
Armour fits poorly on your strangely shaped body.
You cover ground very quickly.
You have extremely tough skin (AC +3).


Message History

You shoot a bolt. The bolt hits the worm.
The worm is moderately wounded.
You hear a splash.
* * * LOW HITPOINT WARNING * * *
You feel sick.
* * * LOW HITPOINT WARNING * * *
You feel sick.
Drink which item? (? for menu, Esc to quit)
Okay, then.
Eat which item? (? for menu, Esc to quit)
Okay, then.
Eat which item? (? for menu, Esc to quit)
You are starting to lose your buoyancy.
* * * LOW HITPOINT WARNING * * *
You feel sick.
You continue eating. x2
You finish eating.
That royal jelly was delicious!
Wear which item? (? for menu, Esc to quit)
Keep equipping yourself?
You die...

.# #≈≈w####≈(≈#
#......# .#####
##≈## #......#
.....# #≈# #.....>#
###### #≈# ##....##
##≈## #.####
#≈(≈####.###
#≈(≈##.....#
##w##..###.#########
#.#.@.# #..........
#...#.###.#########
#####.....#
##.##############
#.............÷.
###############. #.#
##. ##


There were no monsters in sight!

Vanquished Creatures
  An iguana (D:3)
  3 adders
  2 worms (D:3)
  An orc (D:3)
  4 giant cockroaches
  4 goblins
  3 hobgoblins
  3 jackals (D:3)
  2 ball pythons (D:3)
  8 bats
  3 giant newts
  7 kobolds
  8 rats
49 creatures vanquished.

Notes
Turn   | Place    | Note
--------------------------------------------------------------
     0 | D:1      | CrazyArbalest, the Centaur Hunter, began the quest for the Orb.
     0 | D:1      | Reached XP level 1. HP: 17/17 MP: 1/1
   253 | D:1      | Reached XP level 2. HP: 22/24 MP: 2/2
   944 | D:2      | Found an iron altar of Okawaru.
   965 | D:2      | Reached skill level 5 in Crossbows
  1666 | D:3      | Reached XP level 3. HP: 26/29 MP: 3/3
  1793 | D:3      | Found a shattered altar of Ashenzari.
  2019 | D:3      | Reached XP level 4. HP: 17/36 MP: 3/3
  2464 | D:3      | HP: 1/37 [poisoned by an adder]
  2467 | D:3      | Succumbed to an adder's poison

Action                   |  1- 3 |  4- 6 || total
-------------------------+-------+-------++-------
Melee: Short sword       |    24 |       ||    24
       Whip              |   102 |    35 ||   137
 Fire: Hand crossbow     |    11 |    21 ||    32
  Use: Potion            |       |     4 ||     4
       Scroll            |       |     1 ||     1
  Eat: Chunk             |     2 |     1 ||     3
       Royal jelly       |       |     1 ||     1
